 Dungeon Crawl Stone Soup version 0.31.0-11-ge490571c62 (webtiles) character file.

Game seed: 14204928743191167059

170 Rassilon the Insei (level 5, -1/42 HPs)
             Began as a Demonspawn Monk on Jan 31, 2024.
             Splashed by a jelly's acid (8 damage)
             ... on level 4 of the Dungeon.
             The game lasted 00:13:15 (2318 turns).

Rassilon the Insei (Demonspawn Monk)                Turns: 2318, Time: 00:13:16

Health: -1/42      AC:  1    Str: 11    XL:     5   Next: 26%
Magic:  5/5        EV: 13    Int: 10    God:
Gold:   155        SH:  0    Dex: 18    Spells: 4/4 levels left

rFire   . .          .
                       - Unarmed
rCold   . . .        (no shield)
rNeg    . . .        a - +0 robe
rPois   .            j - +0 hat
rElec   .            (no cloak)
rCorr   .            m - +0 pair of gloves
SInv    .            (no boots)
Will    .....        (no amulet)
Stlth   ++           (no ring)
HPRegen 0.27/turn    (no ring)
MPRegen 0.09/turn

%: no passive effects
@: corroded
A: yellow scales 1, powered by pain 2
a: no special abilities


You were on level 4 of the Dungeon.
You visited 1 branch of the dungeon, and saw 4 of its levels.

You collected 207 gold pieces.
You spent 52 gold pieces at shops.

Inventory:

Missiles
 h - a throwing net (quivered)
Armour
 a - a +0 robe (worn)
 j - a +0 hat (worn)
 m - a +0 pair of gloves (worn)
Wands
 p - a wand of polymorph (9)
Scrolls
 b - a scroll of revelation {unknown}
 c - a scroll of blinking {unknown}
 d - a scroll of poison {unknown}
 e - 5 scrolls of identify {unknown}
 f - 2 scrolls of butterflies {unknown}
 g - 2 scrolls of enchant weapon {unknown}
 i - a scroll of teleportation {unknown}
 k - a scroll of silence {unknown}
 s - a scroll of fog {unknown}
Potions
 l - a potion of cancellation {unknown}
 n - a potion of enlightenment {unknown}
 o - a potion of heal wounds {unknown}
 q - a potion of resistance {unknown}
 r - a potion of brilliance {unknown}
 t - a potion of curing
 u - a potion of attraction {unknown}


   Skills:
 + Level 3.8 Fighting
 + Level 3.5 Dodging
 * Level 4.2 Unarmed Combat
 + Level 1.1 Evocations


You had 4 spell levels left.
You didn't know any spells.
Your spell library contained the following spells:

 Spells                   Type           Power      Damage    Failure   Level
 Apportation              Tloc           0%         N/A       36%         1
 Necrotise                Necr           0%         1d4       36%         1
 Sting                    Conj/Alch      0%         1d3       36%         1
 Summon Small Mammal      Summ           0%         N/A       36%         1


Dungeon Overview and Level Annotations

Branches:
Dungeon (4/15)
 Temple: D:4-7

Altars:
Fedhas
Kikubaaqudgha

Shops:
D:2 ::!


Innate Abilities, Weirdness & Mutations

You are partially covered in yellow scales. (AC +2)
You sometimes gain power by taking damage.


Message History

The scorpion is moderately wounded.
You feel very sick. The scorpion closely misses you.
You barely miss the scorpion.
The scorpion is moderately wounded.
You feel sick. The scorpion stings you.
You hit the scorpion.
The scorpion is heavily wounded.
You feel sick. The scorpion barely misses you.
You hit the scorpion.
The scorpion is severely wounded.
You feel sick. The scorpion closely misses you.
You hit the scorpion.
The scorpion is severely wounded.
You feel sick. The scorpion closely misses you.
You hit the jelly but do no damage.
Your hands burn!
You feel sick. The scorpion stings you. The jelly barely misses you.
The scorpion barely misses you.
You feel sick.
You feel sick. The jelly attacks as it pursues you!
The jelly hits you but does no damage.
You feel sick. The jelly attacks as it pursues you!
The jelly closely misses you.
You feel sick.
You are no longer poisoned.
The jelly attacks as it pursues you! The jelly hits you but does no damage.
Found 18 gold pieces.
The jelly attacks as it pursues you! The jelly closely misses you.
You see here 18 gold pieces.
You hit the jelly.
Your hands burn!
* * * LOW HITPOINT WARNING * * *
The jelly is moderately wounded.
The jelly hits you but does no damage.
You hit the jelly. The acid corrodes you!
Your hands burn!
* * * LOW HITPOINT WARNING * * *
The jelly is heavily wounded.
The jelly hits you.
* * * LOW HITPOINT WARNING * * *
You are splashed with acid!
You die...

#.....$.#
#.##..#.#
#......J#
#.##..#.# ##
#..#.#########
...##.......Js.J.#
>......#.#######s#
######.#########J#
#.#........@#
#.#.####.......#
#.#.# #.#####.#
##.#.####.# #
#.......#.#
#.#####.#.# ...
#.#.#####. ###.
#......... #.
#.####.###


You could see a scorpion, a jelly and an endoplasm.

Vanquished Creatures
  A hound (D:4)
  An orc priest (D:3)
  An orc wizard (D:3)
  An ufetubus (D:3)
  3 ribbon worms
  8 orcs (D:3)
  4 ball pythons
  5 bats
  5 endoplasms
  A giant cockroach (D:1)
  7 goblins
  4 hobgoblins
  9 jackals
  2 quokkas (D:1)
  A frilled lizard (D:3)
  3 kobolds
  5 rats
61 creatures vanquished.

Notes
Turn   | Place    | Note
-------+----------+-------------------------------------------
     0 | D:1      | Rassilon the Demonspawn Monk began the quest for the Orb.
     0 | D:1      | Reached XP level 1. HP: 18/18 MP: 1/1
   163 | D:1      | Reached skill level 3 in Unarmed Combat
   163 | D:1      | Gained mutation: You are partially covered in yellow
                  | scales. (AC +2) [demonic ancestry]
   163 | D:1      | Reached XP level 2. HP: 24/24 MP: 2/2
   698 | D:2      | Reached XP level 3. HP: 9/29 MP: 3/3
   888 | D:2      | Found Liuhaimn's Book Shoppe.
   909 | D:2      | Found Idikat's Book Boutique.
   993 | D:2      | Found Nugou's Distillery.
  1009 | D:2      | Noticed a glass eye
  1016 | D:2      | Found a faded altar of an unknown god.
  1020 | D:2      | Noticed an eye of devastation
  1032 | D:2      | Bought a potion of curing for 39 gold pieces
  1032 | D:2      | Bought a potion of degeneration for 13 gold pieces
  1042 | D:2      | Noticed an eye of devastation
  1045 | D:2      | Noticed a golden eye
  1520 | D:3      | Found an ancient bone altar of Kikubaaqudgha.
  1658 | D:3      | Gained mutation: You sometimes gain a little power by
                  | taking damage. [demonic ancestry]
  1658 | D:3      | Reached XP level 4. HP: 35/35 MP: 4/4
  1681 | D:3      | Reached skill level 4 in Unarmed Combat
  1940 | D:3      | Reached skill level 1 in Evocations
  1948 | D:3      | Gained mutation: You sometimes gain power by taking damage.
                  | [demonic ancestry]
  1948 | D:3      | Reached XP level 5. HP: 31/42 MP: 5/5
  2208 | D:4      | Found a blossoming altar of Fedhas.
  2318 | D:4      | Splashed by a jelly's acid

Illustrated notes

Levels and vault maps discovered:
D:1:      giann_wishing_wells, layout_basic
D:2:      layout_rooms, serial_shops, nicolae_book_shop_shelving,
          nicolae_shop_waterfront, shop, basic_altar,
          hellmonk_ecumenical_altar_watching_god
D:3:      layout_rooms, mainiacjoe_overflow_surrounded_room,
          minmay_randomly_rotated_circles
D:4:      cheibrodos_old_hovel, layout_loops_ring,
          mainiacjoe_overflow_small_starburst, lemuel_round_altar

Skill      XL: |  1  2  3  4 |
---------------+-------------+-----
Unarmed Combat | 3 4 |  4.2
Dodging        | 3 |  3.5
Evocations     | 1 |  1.1
Fighting       | |  3.8

Action                     |  1- 3 |  4- 6 || total
---------------------------+-------+-------++-------
  Melee: Unarmed           |   170 |    54 ||   224
         Punch             |     2 |     1 ||     3
    Use: Potion            |     1 |     1 ||     2
 Armour: Robe              |    82 |    25 ||   107
  Dodge: Dodged            |   120 |    37 ||   157
